 Dungeon Crawl Stone Soup version 0.22.1-5-g62c59d919a (webtiles) character file.

131 Adamkad1 the Ruffian (level 5, -2/53 HPs)
             Began as an Ogre Transmuter on Jan 14, 2019.
             Slain by Grinder (4 damage)
             ... while paralysed by Grinder
             ... on level 3 of the Dungeon.
             The game lasted 00:04:48 (3376 turns).

Adamkad1 the Ruffian (Ogre Transmuter)              Turns: 3376, Time: 00:04:48

Health: -2/53      AC:  3    Str: 13 (14) XL:     5   Next: 14%
Magic:  5/9        EV:  1    Int: 16 (19) God:
Gold:   113        SH:  0    Dex: 14 (15) Spells: 4/10 levels left

rFire    . . .     SeeInvis .     - Unarmed
rCold    . . .     Gourm    .   (no shield)
rNeg     . . .     Faith    .   b - +0 robe
rPois    .         Spirit   .   (helmet restricted)
rElec    .         Reflect  .   (no cloak)
rCorr    .         Harm     .   (gloves unavailable)
MR       .....                  (boots unavailable)
Stlth    ++........             (no amulet)
HPRegen  0.17/turn              (no ring)
MPRegen  0.11/turn              (no ring)

@: paralysed, brilliant, agile, very slightly contaminated
A: large, unfitting armour, tough skin 1
a: no special abilities


You were on level 3 of the Dungeon.
You were hungry.

You visited 1 branch of the dungeon, and saw 3 of its levels.

You collected 113 gold pieces.

Inventory:

Missiles
 a - 66 arrows
 g - 41 stones
 l - 4 large rocks (quivered)
Armour
 b - a +0 robe (worn)
 o - a +0 shield
Jewellery
 k - an uncursed ring of stealth {unknown}
Scrolls
 c - 2 scrolls of enchant weapon {unknown}
 f - 3 scrolls of remove curse {unknown}
 i - 2 scrolls of identify {unknown}
 j - 2 scrolls of enchant armour {unknown}
 n - 2 scrolls of amnesia {unknown}
 r - a scroll of teleportation {unknown}
Potions
 h - a potion of degeneration
 m - a potion of curing
 p - a potion of brilliance
Comestibles
 d - 8 rations
 q - a chunk of flesh


   Skills:
 + Level 3.2 Fighting
 + Level 1.2 Throwing
 + Level 2.2 Dodging
 + Level 0.2 Shields
 + Level 3.3 Unarmed Combat
 * Level 3.0 Spellcasting
 * Level 2.6 Transmutations


You had 4 spell levels left.
You knew the following spells:

 Your Spells              Type           Power        Failure   Level  Hunger
a - Beastly Appendage     Tmut           ###...       1%          1    #......
b - Sticks to Snakes      Tmut           ###.....     1%          2    ##.....
c - Spider Form           Tmut/Pois      ###.......   4%          3    ###....

Your spell library contained the following spells:

 Spells                   Type           Power        Failure   Level  Hunger
 Summon Small Mammal      Summ           ##..         2%          1    #......
 Call Imp                 Summ           ##......     3%          2    ##.....
 Call Canine Familiar     Summ           ##......     7%          3    ###....
 Summon Guardian Golem    Hex/Summ       ##......     7%          3    ###....
 Ice Form                 Ice/Tmut       ###.....     12%         4    #####..
 Summon Ice Beast         Ice/Summ       ##......     19%         4    #####..
 Summon Lightning Spire   Summ/Air       ##......     19%         4    #####..
 Blade Hands              Tmut           ###.......   19%         5    ######.


Dungeon Overview and Level Annotations

Branches:
Dungeon (3/15)

Altars:

Annotations:
D:3 2 transporters, Grinder


Innate Abilities, Weirdness & Mutations

You are too large for most types of armour.
You have tough skin. (AC +1)


Message History

Your transformation has ended.
Your +0 robe unmelds from your body.
Grinder gestures at you. Pain shoots through your body!
* * * LOW HITPOINT WARNING * * *
It was a potion of agility.
You feel agile all of a sudden.
It was a potion of brilliance.
You feel clever all of a sudden.
Grinder says, "There's only one good use for a tongue: cutting it out."
There is an open door here.
Unknown command.
You see here a hunting sling.
Grinder gestures at you.
You suddenly lose the ability to move!
Grinder blinks!
Grinder hits you.
* * * LOW HITPOINT WARNING * * *
You writhe in agony.
You die...

.#.#......................#
.#.#...........##.#########
.#.#...........##.#
.#.#............#.#
5#'######+#####.#.#
.......# #...# .......#
#####..#### .......#
#...5.....# ...<...#
+....@>...# .......#
#....)....#### .......#
#............. ..######
#######ยง####### ..#
#.........# .. #.........#
.. #=........# .
..........# .#........#


You could see Grinder.

Vanquished Creatures
  An orc priest (D:2)
  3 adders
  A shadow imp (D:3)
  An ooze (D:2)
  A dart slug (D:1)
  2 leopard geckos
  7 orcs
  11 bats
  A giant cockroach (D:3)
  2 goblins (D:2)
  8 hobgoblins
  3 kobolds
  2 quokkas (D:2)
  2 frilled lizards (D:2)
  4 rats
49 creatures vanquished.

Notes
Turn   | Place    | Note
-------+----------+-------------------------------------------
     0 | D:1      | Adamkad1 the Ogre Transmuter began the quest for the Orb.
     0 | D:1      | Reached XP level 1. HP: 19/19 MP: 3/3
   432 | D:1      | Reached XP level 2. HP: 19/28 MP: 2/5
  1380 | D:2      | Reached XP level 3. HP: 29/35 MP: 4/6
  1496 | D:2      | Learned a level 2 spell: Sticks to Snakes
  1500 | D:2      | Learned a level 3 spell: Spider Form
  1620 | D:2      | Reached skill level 1 in Throwing
  1866 | D:2      | Reached XP level 4. HP: 41/44 MP: 8/8
  2753 | D:3      | Found a transporter.
  2784 | D:3      | Found a transporter.
  2872 | D:3      | Reached XP level 5. HP: 53/53 MP: 4/9
  3043 | D:3      | Noticed Grinder
  3048 | D:3      | Paralysed by Grinder for 3 turns
  3353 | D:3      | Paralysed by Grinder for 2 turns
  3366 | D:3      | HP: 1/53 [Grinder/nerve-wracking pain (12)]
  3374 | D:3      | Paralysed by Grinder for 5 turns
  3376 | D:3      | HP: 2/53 [Grinder (1)]
  3376 | D:3      | Slain by Grinder

Skill      XL: |  1  2  3  4  5 |
---------------+----------------+-----
Transmutations | 2 |  2.6
Fighting       | 2 3 |  3.2
Dodging        | 2 |  2.2
Unarmed Combat | 3 |  3.3
Throwing       | 1 |  1.2
Spellcasting   | 3 |  3.0
Shields        | |  0.2

Action                   |  1- 3 |  4- 6 || total
-------------------------+-------+-------++-------
Melee: Unarmed           |   158 |    83 ||   241
       Headbutt          |     7 |     1 ||     8
       Kick              |     8 |     2 ||    10
 Cast: Beastly Appendage |    23 |     4 ||    27
       Spider Form       |       |     8 ||     8
  Use: Potion            |       |     4 ||     4
  Eat: Chunk             |     3 |     6 ||     9
Armor: Robe              |    75 |     6 ||    81
       Skin              |       |     1 ||     1
Dodge: Dodged            |   113 |    48 ||   161
